AoeStats
← Ukt0h

Arena

509104523Analyzed
1v1 RM · 5d ago on Sep 25, 2026· 26m 30s· 2 players
Game mode
Random Map
Map size
Tiny (2 player)
Population
200
Speed
Normal
Resources
Standard
Victory
Conquest
Starting age
Dark Age
Ending age
Imperial Age
RankedLock teamsTeams togetherTeam positionsShared explorationLock speedFull tech treeHidden civsTurbo modeCheats
Victory
Defeat
🇦🇷 Teutons · Argentina
991
+16
🇹🇼 Magyars · Taiwan
995
-16
Ukt0h
12:58 Feudal Age
16:45 Castle Age
14:58 Double-Bit Axe
15:22 Horse Collar
16:38 Loom
21:44 Squires
24:50 Scale Mail Armor
26:40 Chain Mail Armor
ike790324
10:54 Feudal Age
15:01 Castle Age
13:46 Double-Bit Axe
17:56 Bow Saw
20:37 Fletching
22:03 Gold Mining
25:40 Bodkin Arrow
Connection lost

Rejoining the realm…

Still unreachable

The connection could not be restored.

Session expired

The server has moved on; the page needs a fresh start.